 Dungeon Crawl Stone Soup version 0.21-a0-78-g82a99e0 (webtiles) character file.

9993 4thArraOfDagon the Carver (level 11, -4/97 HPs)
             Began as a Minotaur Abyssal Knight on June 21, 2017.
             Was an Elder of Lugonu.
             Slain by a yak (10 damage)
             ... on level 13 of the Dungeon.
             The game lasted 00:26:52 (7327 turns).

4thArraOfDagon the Carver (Minotaur Abyssal Knight) Turns: 7327, Time: 00:26:53

Health: -4/97      AC:  8    Str: 16    XL:     11   Next: 30%
Magic:  15/15      EV: 15    Int: 12    God:    Lugonu [****..]
Gold:   591        SH:  3    Dex: 11    Spells: 10/10 levels left

rFire    . . .     SeeInvis .   B - +3 long sword
rCold    . . .     Gourm    .   (no shield)
rNeg     . . .     Faith    .   I - +0 troll leather armour
rPois    +         Spirit   .   (helmet restricted)
rElec    .         Reflect  +   (no cloak)
rCorr    .         Harm     .   (no gloves)
MR       ++...                  h - +1 pair of boots
Stlth    +.........             g - +3 amulet of reflection
HPRegen  0.00/turn              q - ring of protection from magic
MPRegen  0.14/turn              U - ring of poison resistance

@: no status effects
A: retaliatory headbutt, horns 2, magic resistance 1, sense surroundings 1,
inhibited regeneration, evolution 1
a: Depart the Abyss, Bend Space, Banish, Corrupt, Renounce Religion


You were on level 13 of the Dungeon.
You worshipped Lugonu.
Lugonu was greatly pleased with you.
You were hungry.

You visited 1 branch of the dungeon, and saw 13 of its levels.
You visited the Abyss 1 time.
You also visited: Sewer.

You collected 902 gold pieces.
You spent 311 gold pieces at shops.

Inventory:

Hand Weapons
 a - a +1 falchion
 i - a +1 short sword of speed
 A - a +0 long sword
 B - a +3 long sword (weapon)
 H - the +5 spear "Grom" {flame, rPois MR+, unknown}
   (You took it off an orc wizard on level 10 of the Dungeon)

   It has been specially enchanted to burn those struck by it, causing extra
   injury to most foes and up to half again as much damage against particularly
   susceptible opponents.
   It protects you from poison.
   It affects your resistance to hostile enchantments.
Armour
 b - a +0 leather armour
 h - a +1 pair of boots (worn)
 t - a +0 scale mail
 I - a +0 troll leather armour (worn)
 V - the +2 robe of Intuition {rElec rC++ MR- Dex+3, unknown}
   (You took it off a kobold on level 13 of the Dungeon)

   It affects your dexterity (+3).
   It greatly protects you from cold.
   It insulates you from electricity.
   It affects your resistance to hostile enchantments.
Jewellery
 g - a +3 amulet of reflection (around neck)
 q - a ring of protection from magic (left hand)
 U - a ring of poison resistance (right hand)
Wands
 r - a wand of iceblast (2/15)
 L - a wand of polymorph (4/24)
 M - a wand of random effects (25/48)
 W - a wand of disintegration (8/24)
Scrolls
 d - 3 scrolls of enchant weapon {unknown}
 f - a scroll of amnesia {unknown}
 j - 3 scrolls of remove curse
 k - 2 scrolls of immolation {unknown}
 s - a scroll of summoning {unknown}
 v - a scroll of torment {unknown}
 x - 2 scrolls of random uselessness {unknown}
 y - a scroll of fear {unknown}
 E - a scroll of acquirement {unknown}
 J - a scroll of noise
 N - a scroll of silence {unknown}
 P - a scroll of teleportation {unknown}
 Q - a scroll of fog
 S - a scroll of identify
 T - a scroll of enchant armour
Potions
 e - 2 potions of lignification
 m - a potion of cancellation {unknown}
 n - a potion of curing
 o - 3 potions of flight
 u - a potion of ambrosia {unknown}
 w - a potion of invisibility {unknown}
 z - a potion of magic
 C - a potion of might
 G - 4 potions of agility
 O - a potion of heal wounds
 R - a potion of brilliance {unknown}
Books
 l - a book of Misfortune

   Spells                             Type                      Level
   a - Confusing Touch                Hexes                        1
   b - Confuse                        Hexes                        3
   c - Gell's Gravitas                Translocation                3
   d - Petrify                        Transmutation/Earth          4
   e - Metabolic Englaciation         Hexes/Ice                    5
   f - Yara's Violent Unravelling     Hexes/Transmutation          5
Comestibles
 c - 7 bread rations
 p - 3 meat rations
 D - 11 fruits
 K - a royal jelly


   Skills:
 + Level 9.5 Fighting
 * Level 12.6 Long Blades
 + Level 9.1 Armour
 + Level 7.8 Dodging
 + Level 7.3 Invocations


You had 10 spell levels left.
You didn't know any spells.

Dungeon Overview and Level Annotations

Branches:
Dungeon (13/15)              Lair (0/6) D:9             Orc (0/2) D:12
 Temple: D:4-7       Vaults: D:13-14

Altars:
Okawaru

Shops:
D:8 }=*!   D:10 :

Annotations:
D:10 Josephine
D:12 corrupted
Abyss:1 Psyche


Innate Abilities, Weirdness & Mutations

You reflexively headbutt those who attack you in melee.
You have a pair of horns on your head.
You are resistant to hostile enchantments. (MR+)
You passively map a small area around you.
You do not regenerate when monsters are visible.
You evolve.


Message History

* * * LOW HITPOINT WARNING * * *
You slash the yak!
The yak is heavily wounded.
The yak completely misses you.
You slash the yak!
The yak is almost dead.
The yak misses you.
Unknown command.
You hit the yak. Your headbutt misses the yak.
The yak is almost dead.
The yak gores you!
* * * LOW HITPOINT WARNING * * *
Unknown command.
You slash the yak!
You kill the yak!
Lugonu accepts your kill.
Unknown command.
Okay, then.
The yak gores you!
You die...

, #. #.# #. #.# *, #.*
#.# #. #.# #. #.# #.*
#.# *
######.######.#######.##
,
.......@Y.Y.............
*
######.##########.######
, #. #†# * #.* #.# #.*
#Y# #.##########Y######
, , , ,
,............Y...... ,
...................<.
..................Y...


You could see 2 yaks.

Vanquished Creatures
  Erolcha (D:10)
  A two-headed ogre (D:13)
  A cyclops (D:13)
  A gargoyle (D:10)
  A harpy zombie (D:13)
  2 trolls
  3 hippogriffs
  9 yaks
  A wraith (D:10)
  A shadow (D:12)
  A hungry ghost (D:12)
  A steam dragon (D:11)
  3 necrophages
  3 ice beasts
  3 sky beasts
  2 black bears
  A phantom (D:4)
  3 ogres
  A centaur (D:10)
  2 crocodiles
  3 big kobolds
  A wyvern zombie (D:11)
  2 bullfrogs
  A water moccasin zombie (D:11)
  A scorpion (D:9)
  4 killer bees (D:11)
  6 wights
  6 howler monkeys
  3 crimson imps
  A bullfrog zombie (D:9)
  5 hounds
  14 orc wizards
  2 centaur skeletons
  3 orc priests
  3 iguanas
  8 worker ants
  A hound skeleton (D:9)
  11 adders
  2 gnolls
  2 river rats
  A shadow imp (D:9)
  An ooze (D:1)
  2 adder skeletons
  2 adder zombies
  A worm (D:6)
  2 dart slugs (D:1)
  3 leopard geckos
  36 orcs
  2 ball pythons
  A giant cockroach (D:1)
  8 goblins
  3 hobgoblins
  5 jackals
  2 quokkas
  4 bats
  4 frilled lizards
  22 kobolds
  7 rats
  A fungus (D:12)
227 creatures vanquished.

Vanquished Creatures (others)
  4 two-headed ogres
  An orc knight (D:12)
  A deep elf archer (D:12)
  2 manticores (D:12)
  An ugly thing (D:12)
  A cyclops (D:12)
  2 komodo dragons
  A yaktaur (shapeshifter) (D:12)
  A hornet (D:12)
  A shadow (D:12)
  A wraith (D:12)
  A vampire mosquito (D:12)
  An acid dragon (D:12)
  An orc warrior (D:9)
  A crimson imp (D:12)
  A jelly (D:12)
  An adder (D:12)
  An orc (D:12)
  A kobold (D:11)
  5 plants (D:9)
  A starspawn tentacle (D:12)
30 creatures vanquished.

Grand Total: 257 creatures vanquished

Notes
Turn   | Place    | Note
-------+----------+-------------------------------------------
     0 | Abyss:1  | 4thArraOfDagon the Minotaur Abyssal Knight began the quest for the Orb.
     0 | Abyss:1  | Reached XP level 1. HP: 19/19 MP: 1/1
    33 | Abyss:2  | Found a corrupted altar of Lugonu.
    52 | Abyss:3  | Found a corrupted altar of Lugonu.
    59 | Abyss:3  | Noticed an ancient zyme
    76 | Abyss:3  | Noticed a tentacled starspawn
    76 | D:1      | Escaped the Abyss
    98 | D:1      | Reached XP level 2. HP: 8/27 MP: 2/2
   297 | D:1      | Reached skill level 3 in Long Blades
   350 | D:1      | Reached * piety under Lugonu
   447 | D:1      | Reached XP level 3. HP: 28/33 MP: 3/3
   662 | D:3      | Found a glowing drain.
   685 | D:3      | Reached XP level 4. HP: 21/40 MP: 4/4
   696 | Sewer    | Entered a sewer
   780 | Sewer    | Noticed a big kobold
   822 | Sewer    | Killed a big kobold
   822 | Sewer    | Reached skill level 4 in Long Blades
   822 | Sewer    | Reached XP level 5. HP: 41/46 MP: 5/5
   877 | Sewer    | Found a white marble altar of Elyvilon.
  1032 | D:3      | Reached ** piety under Lugonu
  1251 | D:4      | Noticed a phantom
  1289 | D:4      | Killed a phantom
  1289 | D:4      | Reached skill level 5 in Long Blades
  1289 | D:4      | Reached XP level 6. HP: 39/53 MP: 5/7
  1658 | D:5      | Entered Level 5 of the Dungeon
  1699 | D:5      | Noticed an ice beast
  1920 | D:5      | Killed an ice beast
  1920 | D:5      | Reached XP level 7. HP: 52/60 MP: 8/8
  1945 | D:5      | Reached skill level 5 in Fighting
  1945 | D:5      | Reached skill level 6 in Long Blades
  2268 | D:7      | Reached *** piety under Lugonu
  2280 | D:7      | Reached skill level 5 in Armour
  2325 | D:7      | Reached skill level 7 in Long Blades
  2501 | D:7      | Reached XP level 8. HP: 62/69 MP: 9/9
  2709 | D:7      | Found an iron altar of Okawaru.
  2741 | D:7      | Gained mutation: Your magical capacity is low. (-10% MP) [mutagenic meat]
  2742 | D:7      | Lost mutation: Your magical capacity is low. (-10% MP) [mutagenic meat]
  2743 | D:7      | Gained mutation: You are robust. (+10% HP) [mutagenic meat]
  2744 | D:7      | Gained mutation: Your magical capacity is low. (-10% MP) [mutagenic meat]
  2745 | D:7      | Lost mutation: Your magical capacity is low. (-10% MP) [mutagenic meat]
  2746 | D:7      | Gained mutation: You are weak. (Str -2) [mutagenic meat]
  2932 | D:9      | Reached skill level 8 in Long Blades
  3010 | D:10     | Entered Level 10 of the Dungeon
  3260 | D:10     | Noticed a komodo dragon
  3261 | D:10     | Reached skill level 5 in Dodging
  3277 | D:10     | Noticed a gargoyle
  3320 | D:10     | Noticed Erolcha
  3323 | D:9      | Noticed a two-headed ogre
  3325 | D:9      | Banished a two-headed ogre
  3325 | D:9      | Reached XP level 9. HP: 41/85 MP: 6/11
  3330 | D:9      | Reached skill level 5 in Invocations
  3337 | D:9      | Reached skill level 9 in Long Blades
  3567 | D:9      | Noticed Psyche
  3568 | D:9      | Banished Psyche
  3955 | D:8      | Reached skill level 10 in Long Blades
  3959 | D:8      | Found Nysm's Jewellery Shoppe.
  3972 | D:8      | Found Zaemotal's Assorted Antiques.
  3975 | D:8      | Bought a scroll labeled XUCHID JADAZ for 29 gold pieces
  3975 | D:8      | Bought a puce potion for 26 gold pieces
  3975 | D:8      | Bought a scroll labeled MOFOYKH ZOXILO for 29 gold pieces
  3975 | D:8      | Bought a scroll labeled NUYMEU KAWIOT for 29 gold pieces
  4196 | D:8      | Found Sugryczu's Gadget Emporium.
  4344 | D:8      | Found Lomusch's Distillery.
  4347 | D:8      | Bought a potion of lignification for 33 gold pieces
  4347 | D:8      | Bought a potion of lignification for 33 gold pieces
  4347 | D:8      | Bought a potion of berserk rage for 55 gold pieces
  4347 | D:8      | Bought a potion of agility for 44 gold pieces
  4347 | D:8      | Bought a potion of curing for 33 gold pieces
  4402 | D:7      | Gained mutation: You have large cloven feet. [mutagenic meat]
  4403 | D:7      | Gained mutation: You do not regenerate when monsters are visible. [mutagenic meat]
  4404 | D:7      | Lost mutation: You are weak. (Str -2) [mutagenic meat]
  4405 | D:7      | Gained mutation: You tend to lose your temper in combat. [mutagenic meat]
  4411 | D:7      | Lost mutation: You have large cloven feet. [potion of mutation]
  4411 | D:7      | Lost mutation: You tend to lose your temper in combat. [potion of mutation]
  4411 | D:7      | Lost mutation: You are robust. (+10% HP) [potion of mutation]
  4411 | D:7      | Gained mutation: You evolve. [potion of mutation]
  4411 | D:7      | Gained mutation: Your magical capacity is low. (-10% MP) [potion of mutation]
  4411 | D:7      | Gained mutation: You passively map a small area around you. [potion of mutation]
  4412 | D:7      | :/
  4942 | D:9      | Found a staircase to the Lair.
  4970 | D:10     | Noticed a troll
  5005 | D:10     | Killed a troll
  5005 | D:10     | Reached XP level 10. HP: 25/87 MP: 12/12
  5018 | D:10     | Killed Erolcha
  5024 | D:10     | Killed a gargoyle
  5041 | D:10     | Reached skill level 11 in Long Blades
  5180 | D:10     | Found Fuon's Book Emporium.
  5370 | D:10     | Gained mutation: You are resistant to hostile enchantments. (MR+) [evolution]
  5474 | D:10     | Got a crude spear {flame}
  5651 | D:10     | Reached **** piety under Lugonu
  5664 | D:10     | Noticed Josephine
  6241 | D:12     | Found a staircase to the Orcish Mines.
  6417 | D:12     | Noticed a manticore
  6417 | D:12     | Noticed a two-headed ogre
  6418 | D:12     | Noticed a brown ugly thing
  6432 | D:12     | Corrupted D:12
  6432 | D:12     | Noticed a worldbinder
  6432 | D:12     | Noticed a tentacled starspawn
  6432 | D:12     | Noticed a lich
  6432 | D:12     | Noticed a spatial maelstrom
  6432 | D:12     | Noticed a large abomination
  6437 | D:12     | Killed a manticore
  6438 | D:12     | Killed a two-headed ogre
  6441 | D:12     | Noticed a two-headed ogre
  6443 | D:12     | Noticed a spatial maelstrom
  6445 | D:12     | Noticed a balrug
  6446 | D:12     | Killed a two-headed ogre
  6451 | D:12     | Killed a brown ugly thing
  6473 | D:12     | Killed a cyclops
  6508 | D:12     | Killed a manticore
  6510 | D:12     | Killed a deep elf archer
  6517 | D:12     | Killed a two-headed ogre
  6530 | D:12     | Killed an orc knight
  6697 | D:12     | Reached skill level 12 in Long Blades
  6803 | D:12     | Reached XP level 11. HP: 78/97 MP: 13/13
  7049 | D:13     | Noticed a two-headed ogre
  7066 | D:13     | Killed a two-headed ogre
  7209 | D:13     | Lost mutation: Your magical capacity is low. (-10% MP) [evolution]
  7249 | D:13     | Got a fabulously ornate robe
  7327 | D:13     | Slain by a yak

Vault maps used:
D:1:      evilmike_arrival_crescent, minmay_pentomino_p2
D:2:      first_bread, uniq_robin
D:3:      kennysheep_goblin_castle, cheibrodos_sewer_entry_sluice
D:4:      minmay_temple_entry_trees, grunt_ministairs_13, uniq_grinder,
          uniq_ijyb
D:7:      nicolae_whirlpool, okawaru_gym_becter, uniq_joseph
D:8:      serial_shops, kennysheep_mini_moat, nicolae_shop_stone, shop,
          nicolae_shop_temple_entry_statues_fountains,
          hangedman_little_slice_of_home
D:9:      david_lair_shrubbed, uniq_psyche
D:10:     serial_shops, kennysheep_mini, dk_vineyard_1, uniq_erolcha,
          uniq_josephine, uniq_maurice
D:11:     feat_on_display
D:12:     minmay_crescents, orc_0_dummy, nicolae_wwwww, minmay_gold_behind_fungi
D:13:     lightli_vaults_fourway_checkpoint
Abyss:2:  small_statue_intersection
Abyss:3:  hangedman_abyss_river_spirits, grunt_abyss_rune_wretched_hive,
          evilmike_abyss_exit_16
Sewer:    sewer_kobolds

Skill      XL: |  1  2  3  4  5  6  7  8  9 10 11 |
---------------+----------------------------------+-----
Long Blades    | 3 4 5 7 8 10 12 | 12.6
Armour         | 3 4 5 6 7 8 9 |  9.1
Dodging        | 2 3 4 5 6 7 |  7.8
Fighting       | 4 5 6 7 9 |  9.5
Invocations    | 2 3 4 6 7 |  7.3

Action                   |  1- 3 |  4- 6 |  7- 9 | 10-12 || total
-------------------------+-------+-------+-------+-------++-------
Melee: Falchion          |    78 |     6 |       |       ||    84
       Headbutt          |    12 |    26 |    65 |    63 ||   166
       Short sword       |       |   200 |   160 |       ||   360
       Long sword        |       |       |   250 |   303 ||   553
Throw: Tomahawk          |       |       |       |     4 ||     4
Invok: Depart the Abyss  |     1 |       |       |       ||     1
       Banish            |       |       |     4 |     2 ||     6
       Bend Space        |       |       |       |     1 ||     1
       Corrupt           |       |       |       |     1 ||     1
Evoke: Wand              |       |       |     2 |     2 ||     4
  Use: Potion            |     1 |       |     2 |     7 ||    10
       Scroll            |       |       |    10 |       ||    10
 Stab: Distracted        |       |       |     1 |       ||     1
  Eat: Chunk             |       |     4 |    16 |     9 ||    29
       Fruit             |       |       |     8 |       ||     8
Armor: Leather armour    |    19 |     8 |       |       ||    27
       Scale mail        |       |    33 |   122 |    24 ||   179
       Skin              |       |       |    53 |     2 ||    55
       Troll leather arm |       |       |       |    38 ||    38
Dodge: Dodged            |    53 |    77 |   159 |   155 ||   444
Block: Other             |     8 |    11 |    32 |    33 ||    84
       Reflection        |       |     2 |     2 |     3 ||     7
       Rpst.: Falchion   |    16 |     3 |       |       ||    19
       Long sword        |       |       |    18 |    35 ||    53
